FSL
JUPITER HAMMERHEADS @ FLORIDA FIRE FROGS
08/24/2042
 
TOP OF THE 1ST
Jupiter Hammerheads batting - Pitching for Florida Fire Frogs : LHP Jerry Konieczny
Pitching: LHP Jerry Konieczny
Batting: RHB Sam Szempruch 0-0: Ball
1-0: Swinging Strike
1-1: Fly out, F4 (Line Drive, 4, EV 94.4 MPH)
Batting: LHB Adan Easter 0-0: SINGLE (Groundball, 34D, EV 108.8 MPH)
Batting: RHB Danny Parsons 0-0: Ball
Adan Easter steals 2nd base
1-0: Called Strike
1-1: Foul Ball, location: 9LSF
1-2: Fly out, F7 (Flyball, 7LS, EV 95.6 MPH)
Batting: LHB Chris Rogers 0-0: Called Strike
0-1: Ball
1-1: SINGLE (Groundball, 34, EV 101.9 MPH) (infield hit)
Adan Easter to third
Batting: LHB Caleb McLean 0-0: Called Strike
0-1: Called Strike
0-2: Strikes out swinging
Top of the 1st over - 0 runs, 2 hits, 0 errors, 2 left on base; Jupiter 0 - Florida 0
BOTTOM OF THE 1ST
Florida Fire Frogs batting - Pitching for Jupiter Hammerheads : RHP Joe Kadar
Pitching: RHP Joe Kadar
Batting: RHB Sean Nicholson 0-0: Fly out, F7 (Line Drive, 7S, EV 86.9 MPH)
Batting: RHB Joe Boudrie 0-0: Ball
1-0: Ball
2-0: Ground out 6-3 (Groundball, 6, EV 106.3 MPH)
Batting: LHB Eddie Ales 0-0: DOUBLE (Line Drive, 78XD, EV 101.3 MPH)
Batting: RHB Joe Swearingen 0-0: Ball
1-0: Ball
2-0: Foul Ball, location: 7LMF
2-1: Foul Ball, location: 23FF
2-2: DOUBLE (Flyball, 8LXD, EV 98.8 MPH)
Eddie Ales scores
Batting: LHB Josh Casper 0-0: Ball
1-0: Ball
2-0: Swinging Strike
2-1: Ground out 6-3 (Groundball, 6, EV 81.9 MPH)
Bottom of the 1st over - 1 run, 2 hits, 0 errors, 1 left on base; Jupiter 0 - Florida 1
TOP OF THE 2ND
Jupiter Hammerheads batting - Pitching for Florida Fire Frogs : LHP Jerry Konieczny
Batting: RHB Eric Selph 0-0: Ball
1-0: Ball
2-0: Called Strike
2-1: Called Strike
2-2: Strikes out swinging
Batting: RHB Jamie Cox 0-0: Ball
1-0: Ball
2-0: Swinging Strike
2-1: Ball
3-1: Base on Balls
Batting: LHB Alex Vargas 0-0: Called Strike
0-1: Called Strike
0-2: Ball
1-2: Ball
2-2: Strikes out swinging
Batting: RHB Mike Meisner 0-0: Ball
1-0: Foul Ball, location: 5SF
1-1: Ball
2-1: Fielders Choice at 2nd, 5-4 (Groundball, 56, EV 81.9 MPH)
Top of the 2nd over - 0 runs, 0 hits, 0 errors, 1 left on base; Jupiter 0 - Florida 1
BOTTOM OF THE 2ND
Florida Fire Frogs batting - Pitching for Jupiter Hammerheads : RHP Joe Kadar
Batting: RHB Jeff Dahlinghaus 0-0: Swinging Strike
0-1: Ball
1-1: Foul Ball, location: 23FF
1-2: Ground out 1-3 (Groundball, 15S, EV 68.1 MPH)
Batting: LHB Dave Fox 0-0: Ball
1-0: Ball
2-0: Ball
3-0: Called Strike
3-1: Fly out, F8 (Flyball, 8LS, EV 83.1 MPH)
Batting: RHB Edwin Robles 0-0: Swinging Strike
0-1: Foul Ball, location: 3FF
0-2: Ball
1-2: Ball
2-2: Ball
3-2: Strikes out swinging
Bottom of the 2nd over - 0 runs, 0 hits, 0 errors, 0 left on base; Jupiter 0 - Florida 1
TOP OF THE 3RD
Jupiter Hammerheads batting - Pitching for Florida Fire Frogs : LHP Jerry Konieczny
Batting: RHB Sam Szempruch 0-0: Ball
1-0: Ball
2-0: Called Strike
2-1: Swinging Strike
2-2: Ball
3-2: Strikes out swinging
Batting: LHB Adan Easter 0-0: Ball
1-0: Called Strike
1-1: Ball
2-1: Swinging Strike
2-2: Fly out, F8 (Line Drive, 8LD, EV 91.9 MPH)
Batting: RHB Danny Parsons 0-0: Ball
1-0: SINGLE (Flyball, 6MD, EV 92.5 MPH)
Batting: LHB Chris Rogers 0-0: Reached on error, E4 (Groundball, 34, EV 91.9 MPH)
Danny Parsons to second
Batting: LHB Caleb McLean 0-0: Ball
1-0: SINGLE (Groundball, 6MD, EV 99.4 MPH)
Danny Parsons to third
Chris Rogers to second
Runner from 3rd tries for Home, SAFE, throw by CF to trailing runner, SAFE at third!
Batting: RHB Eric Selph 0-0: Ball
1-0: Foul Ball, location: 2F
1-1: Swinging Strike
1-2: Strikes out swinging
Top of the 3rd over - 1 run, 2 hits, 1 error, 2 left on base; Jupiter 1 - Florida 1
BOTTOM OF THE 3RD
Florida Fire Frogs batting - Pitching for Jupiter Hammerheads : RHP Joe Kadar
Batting: RHB Dave Rennick 0-0: Fly out, F9 (Line Drive, 9, EV 95.6 MPH)
Batting: RHB Sean Nicholson 0-0: Foul Ball, location: 3SF
0-1: Ball
1-1: Ball
2-1: Ground out U3 (Groundball, 3, EV 105.6 MPH)
Batting: RHB Joe Boudrie 0-0: Called Strike
0-1: Ball
1-1: Ball
2-1: Ball
3-1: Foul Ball, location: 5FF
3-2: SINGLE (Line Drive, 56D, EV 98.8 MPH)
Batting: LHB Eddie Ales 0-0: Called Strike
0-1: Foul Ball, location: 7LMF
0-2: Strikes out swinging
Bottom of the 3rd over - 0 runs, 1 hit, 0 errors, 1 left on base; Jupiter 1 - Florida 1
TOP OF THE 4TH
Jupiter Hammerheads batting - Pitching for Florida Fire Frogs : LHP Jerry Konieczny
Batting: RHB Jamie Cox 0-0: Ball
1-0: Ball
2-0: Fly out, F8 (Line Drive, 8LM, EV 91.9 MPH)
Batting: LHB Alex Vargas 0-0: Foul Ball, location: 2F
0-1: Ball
1-1: SINGLE (Groundball, 4MD, EV 99.4 MPH)
Batting: RHB Mike Meisner 0-0: Ball
1-0: Ball
2-0: Foul Ball, location: 9LMF
2-1: Foul Ball, location: 2RF
2-2: Foul Ball, location: 9LSF
2-2: Strikes out looking
Batting: RHB Sam Szempruch 0-0: Called Strike
Alex Vargas is caught stealing 2nd base 2-4
Top of the 4th over - 0 runs, 1 hit, 0 errors, 0 left on base; Jupiter 1 - Florida 1
BOTTOM OF THE 4TH
Florida Fire Frogs batting - Pitching for Jupiter Hammerheads : RHP Joe Kadar
Batting: RHB Joe Swearingen 0-0: Foul Ball, location: 9LDF
0-1: Ball
1-1: Ball
2-1: Ground out 4-3 (Groundball, 4, EV 86.3 MPH)
Batting: LHB Josh Casper 0-0: Foul Ball, location: 3FF
0-1: Swinging Strike
0-2: Strikes out looking
Batting: RHB Jeff Dahlinghaus 0-0: Ball
1-0: Ball
2-0: Ball
3-0: Called Strike
3-1: Base on Balls
Batting: LHB Dave Fox 0-0: Swinging Strike
0-1: Foul Ball, location: 9LMF
0-2: Ball
1-2: Ball
2-2: Ball
3-2: Base on Balls
Jeff Dahlinghaus to second
Batting: RHB Edwin Robles 0-0: Called Strike
0-1: Ball
1-1: Ball
2-1: Fielders Choice at 2nd, 6-4 (Groundball, 6, EV 101.9 MPH)
Bottom of the 4th over - 0 runs, 0 hits, 0 errors, 2 left on base; Jupiter 1 - Florida 1
TOP OF THE 5TH
Jupiter Hammerheads batting - Pitching for Florida Fire Frogs : LHP Jerry Konieczny
Batting: RHB Sam Szempruch 0-0: Ball
1-0: SINGLE (Line Drive, 3D, EV 101.3 MPH)
Batting: LHB Adan Easter 0-0: Called Strike
0-1: SINGLE (Groundball, 34D, EV 103.8 MPH)
Sam Szempruch to second
Batting: RHB Danny Parsons 0-0: Foul Ball, location: 9LMF
0-1: Foul Ball, location: 2F
0-2: Ball
1-2: Strikes out looking
Batting: LHB Chris Rogers 0-0: Foul Ball, location: 5DF
0-1: Swinging Strike
0-2: Ball
1-2: Fly out, F5 (Popup, 5F, EV 68.8 MPH)
Batting: LHB Caleb McLean 0-0: Reached on error, E5 (Groundball, 56, EV 93.1 MPH)
Sam Szempruch to third
Adan Easter to second
Batting: RHB Eric Selph 0-0: Called Strike
0-1: Ball
1-1: Swinging Strike
1-2: Ball
2-2: Strikes out swinging
Top of the 5th over - 0 runs, 2 hits, 1 error, 3 left on base; Jupiter 1 - Florida 1
BOTTOM OF THE 5TH
Florida Fire Frogs batting - Pitching for Jupiter Hammerheads : RHP Joe Kadar
Batting: RHB Dave Rennick 0-0: Called Strike
0-1: Foul Ball, location: 25F
0-2: Ball
1-2: Ball
2-2: Ball
3-2: Strikes out swinging
Batting: RHB Sean Nicholson 0-0: Ball
1-0: Foul Ball, location: 2F
1-1: Ball
2-1: Ball
3-1: Foul Ball, location: 5SF
3-2: Foul Ball, location: 2F
3-2: Foul Ball, location: 25F
3-2: Ground out 4-3 (Groundball, 34, EV 106.3 MPH)
Batting: RHB Joe Boudrie 0-0: Ball
1-0: Foul Ball, location: 2F
1-1: Called Strike
1-2: Ball
2-2: TRIPLE (Flyball, 78XD, EV 111.3 MPH)
Batting: LHB Eddie Ales 0-0: Ball
1-0: Foul Ball, location: 7LDF
1-1: Ball
2-1: SINGLE (Groundball, 4MS, EV 65.0 MPH) (infield hit)
Joe Boudrie scores
Batting: RHB Joe Swearingen 0-0: Ball
1-0: Called Strike
1-1: Ball
2-1: Ball
3-1: Called Strike
3-2: Foul Ball, location: 9LSF
3-2: Fly out, F5 (Line Drive, 5, EV 71.9 MPH)
Bottom of the 5th over - 1 run, 2 hits, 0 errors, 1 left on base; Jupiter 1 - Florida 2
TOP OF THE 6TH
Jupiter Hammerheads batting - Pitching for Florida Fire Frogs : LHP Jerry Konieczny
Batting: RHB Jamie Cox 0-0: Ball
1-0: Ball
2-0: Called Strike
2-1: Swinging Strike
2-2: Strikes out looking
Batting: LHB Alex Vargas 0-0: Ball
1-0: Called Strike
1-1: Swinging Strike
1-2: Strikes out looking
Batting: RHB Mike Meisner 0-0: Foul Ball, location: 5F
0-1: Ball
1-1: Foul Ball, location: 2F
1-2: Foul Ball, location: 7LMF
1-2: Ball
2-2: Foul Ball, location: 7LMF
2-2: Foul Ball, location: 9LSF
2-2: Foul Ball, location: 2RF
2-2: Ball
3-2: Strikes out swinging
Top of the 6th over - 0 runs, 0 hits, 0 errors, 0 left on base; Jupiter 1 - Florida 2
BOTTOM OF THE 6TH
Florida Fire Frogs batting - Pitching for Jupiter Hammerheads : RHP Joe Kadar
Batting: LHB Josh Casper 0-0: Called Strike
0-1: Ball
1-1: Foul Ball, location: 7LSF
1-2: SINGLE (Line Drive, 7S, EV 98.8 MPH)
Batting: RHB Jeff Dahlinghaus 0-0: Ball
1-0: Fly out, F8 (Line Drive, 8LM, EV 95.6 MPH)
Batting: LHB Dave Fox 0-0: Ball
1-0: Bunted foul
1-1: Foul Ball, location: 2F
1-2: Fly out, F9 (Line Drive, 9S, EV 98.1 MPH)
Batting: RHB Edwin Robles 0-0: Ground out 4-3 (Groundball, 34, EV 87.5 MPH)
Bottom of the 6th over - 0 runs, 1 hit, 0 errors, 1 left on base; Jupiter 1 - Florida 2
TOP OF THE 7TH
Jupiter Hammerheads batting - Pitching for Florida Fire Frogs : LHP Jerry Konieczny
Pitching: RHP Joe Patterson
Batting: RHB Sam Szempruch 0-0: Ball
1-0: Foul Ball, location: 5F
1-1: SINGLE (Line Drive, 8LS, EV 95.6 MPH)
Pitching: LHP Jake Gray
Batting: LHB Adan Easter 0-0: Fielders Choice at 2nd, 1-6 (Groundball, 13S, EV 65.6 MPH)
Batting: RHB Danny Parsons 0-0: SINGLE (Groundball, 4MD, EV 101.9 MPH)
Adan Easter to second
Batting: LHB Chris Rogers 0-0: Ball
1-0: SINGLE (Line Drive, 89M, EV 103.1 MPH)
Adan Easter to third
Danny Parsons to second
Runner from 3rd tries for Home, SAFE, throw by CF to home
Danny Parsons to third
Chris Rogers to second
Batting: LHB Caleb McLean 0-0: Swinging Strike
0-1: Ball
1-1: Called Strike
1-2: Strikes out looking
Batting: RHB Eric Selph 0-0: Foul Ball, location: 3F
0-1: SINGLE (Line Drive, 6MD, EV 98.8 MPH)
Danny Parsons scores
Chris Rogers to third
Runner from 3rd tries for Home, SAFE, throw by CF to home
Batting: RHB Jamie Cox 0-0: Called Strike
0-1: Called Strike
0-2: Ball
1-2: Strikes out swinging
Top of the 7th over - 3 runs, 4 hits, 0 errors, 1 left on base; Jupiter 4 - Florida 2
BOTTOM OF THE 7TH
Florida Fire Frogs batting - Pitching for Jupiter Hammerheads : RHP Joe Kadar
Batting: RHB Dave Rennick 0-0: Ball
1-0: Ball
2-0: Ball
3-0: Foul Ball, location: 3FF
3-1: Base on Balls
Pitching: LHP Jim Unknown
Batting: RHB Sean Nicholson 0-0: DOUBLE (Flyball, 89D, EV 100.0 MPH)
Dave Rennick to third
Batting: RHB Joe Boudrie 0-0: Ball
1-0: Called Strike
1-1: Fly out, F9 (Line Drive, 9, EV 86.3 MPH)
Batting: LHB Eddie Ales 0-0: Ball
1-0: Ball
2-0: Called Strike
2-1: Foul Ball, location: 9LMF
2-2: 3-RUN HOME RUN (Flyball, 7D, EV 96.3 MPH), Distance : 377 ft
Batting: RHB Joe Swearingen 0-0: Fly out, F6 (Line Drive, 6, EV 63.1 MPH)
Batting: LHB Josh Casper 0-0: Ball
1-0: Swinging Strike
1-1: Fly out, F7 (Flyball, 7D, EV 100.0 MPH)
Bottom of the 7th over - 3 runs, 2 hits, 0 errors, 0 left on base; Jupiter 4 - Florida 5
TOP OF THE 8TH
Jupiter Hammerheads batting - Pitching for Florida Fire Frogs : LHP Jake Gray
Batting: LHB Alex Vargas 0-0: Ground out U3 (Groundball, 3L, EV 106.9 MPH)
Batting: RHB Mike Meisner 0-0: Swinging Strike
0-1: Swinging Strike
0-2: Strikes out swinging
Batting: RHB Sam Szempruch 0-0: Called Strike
0-1: Ball
1-1: Fly out, F8 (Flyball, 89M, EV 96.9 MPH)
Top of the 8th over - 0 runs, 0 hits, 0 errors, 0 left on base; Jupiter 4 - Florida 5
BOTTOM OF THE 8TH
Florida Fire Frogs batting - Pitching for Jupiter Hammerheads : LHP Jim Unknown
Batting: RHB Jeff Dahlinghaus 0-0: Ground out 4-3 (Groundball, 4, EV 103.8 MPH)
Batting: LHB Dave Fox 0-0: Called Strike
0-1: Swinging Strike
0-2: Ball
1-2: Fly out, F9 (Flyball, 89S, EV 83.8 MPH)
Batting: RHB Edwin Robles 0-0: Called Strike
0-1: Foul Ball, location: 23F
0-2: Ball
1-2: Ground out 6-3 (Groundball, 6M, EV 78.8 MPH)
Bottom of the 8th over - 0 runs, 0 hits, 0 errors, 0 left on base; Jupiter 4 - Florida 5
TOP OF THE 9TH
Jupiter Hammerheads batting - Pitching for Florida Fire Frogs : LHP Jake Gray
Pitching: RHP Jose Rivera
Now at 1B: Mario Sierra
Batting: LHB Adan Easter 0-0: SINGLE (Line Drive, 5D, EV 96.3 MPH)
Batting: RHB Danny Parsons 0-0: Ball
1-0: Called Strike
1-1: Ball
2-1: Foul Ball, location: 9LDF
2-2: Strikes out swinging
Batting: LHB Chris Rogers 0-0: Ball
1-0: Foul Ball, location: 2F
1-1: Ball
2-1: Foul Ball, location: 7LDF
2-2: SINGLE (Line Drive, 7LS, EV 110.6 MPH)
Adan Easter to second
Batting: LHB Caleb McLean 0-0: Ball
1-0: Ball
2-0: Ball
3-0: Called Strike
3-1: Called Strike
3-2: Strikes out swinging
Batting: RHB Eric Selph 0-0: Fly out, F7 (Flyball, 7LS, EV 74.4 MPH)
Top of the 9th over - 0 runs, 2 hits, 0 errors, 2 left on base; Jupiter 4 - Florida 5
Sunday, January 19th , 2025 - OOTP Baseball 25.11 Build 100